 Dungeon Crawl Stone Soup version 0.25.1-2-g60ff931df9 (webtiles) character file.

Game seed: 15583474517012060922

6920 demenzo the Covert (level 10, -11/49 HPs)
             Began as a Felid Enchanter on Nov 17, 2020.
             Was an Elder of Elyvilon.
             Killed from afar by a guardian serpent (25 damage)
             ... with a bolt of poison
             ... on level 2 of the Lair of Beasts.
             The game lasted 01:18:23 (24252 turns).

demenzo the Covert (Felid Enchanter)               Turns: 24252, Time: 01:18:24

Health: -11/49     AC:  6    Str:  5    XL:     10   Next: 80%
Magic:  23/23      EV: 18    Int: 20    God:    Elyvilon [****..]
Gold:   724        SH:  0    Dex: 16    Spells: 2/13 levels left
                                        Lives:  0   Deaths: 3

rFire    . . .     SeeInvis +     - Unarmed
rCold    . . .     Gourm    .   (shield unavailable)
rNeg     . . .     Faith    +   (armour unavailable)
rPois    .         Spirit   .   (helmet unavailable)
rElec    .         Reflect  .   (cloak unavailable)
rCorr    .         Harm     .   (gloves unavailable)
MR       +....                  (boots unavailable)
Stlth    ++++++....             s - amulet of faith
HPRegen  0.16/turn              C - ring of magical power
MPRegen  0.18/turn              a - +4 ring of protection

@: lethally poisoned (-11 -> -19), slowed, slow
A: very small, no armour, no weapons or thrown items, stealth, claws 1, fangs 3,
see invisible, carnivore, speed 1, shaggy fur 2, slow metabolism 1, sharp paws
a: Lesser Healing, Heal Other, Purification, Greater Healing, Divine Protection,
Renounce Religion


You were on level 2 of the Lair of Beasts.
You worshipped Elyvilon.
Elyvilon was greatly pleased with you.
You were not hungry.

You visited 3 branches of the dungeon, and saw 13 of its levels.
You also visited: Ossuary.

You collected 1008 gold pieces.
You spent 284 gold pieces at shops.

Inventory:

Jewellery
 a - a +4 ring of protection (right paw)
 r - an uncursed ring of protection from magic
 s - an amulet of faith (around neck)
 A - an uncursed amulet of magic regeneration {unknown}
 C - a ring of magical power (left paw)
 E - an uncursed ring of resist corrosion
Wands
 x - a wand of acid (1)
 y - a wand of clouds (6)
 B - a wand of iceblast (12)
Scrolls
 h - 2 scrolls of magic mapping
 j - 8 scrolls of remove curse
 k - 2 scrolls of fear
 l - a scroll of fog
 p - 7 scrolls of identify
 t - a scroll of amnesia
 u - a scroll of blinking
 D - a scroll of vulnerability
Potions
 c - 2 potions of resistance
 d - a potion of cancellation
 f - a potion of haste
 g - 4 potions of curing
 i - 2 potions of magic
 m - 2 potions of might
 n - 3 potions of berserk rage
 o - 6 potions of mutation
 q - 4 potions of lignification
 v - 3 potions of heal wounds
 w - 2 potions of invisibility
 z - 3 potions of brilliance
Comestibles
 b - 30 rations


   Skills:
 + Level 9.1 Fighting
 - Level 2.6 Dodging
 + Level 13.1 Stealth
 * Level 12.6 Unarmed Combat
 - Level 2.3 Spellcasting
 - Level 7.0 Hexes
 - Level 5.0 Translocations
 - Level 2.0 Ice Magic
 + Level 0.0 Evocations


You had 2 spell levels left.
You knew the following spells:

 Your Spells              Type           Power        Failure   Level  Hunger
a - Corona                Hex            ####...      1%          1    #......
b - Ensorcelled Hibernat  Hex/Ice        ###...       3%          2    ##.....
c - Confusing Touch       Hex            ####....     2%          3    ###....
d - Tukima's Dance        Hex            ####....     2%          3    ###....
e - Blink                 Tloc           N/A          3%          2    ##.....

Your spell library contained the following spells:

 Spells                   Type           Power        Failure   Level  Hunger
 Slow                     Hex            ####....     1%          2    ##.....
 Freeze                   Ice            ##..         7%          1    #......
 Magic Dart               Conj           #...         16%         1    #......
 Call Imp                 Summ           #.......     22%         2    ##.....
 Dazzling Flash           Conj/Hex       ###...       11%         3    ###....
 Frozen Ramparts          Ice            ##....       21%         3    ###....
 Ozocubu's Armour         Chrm/Ice       #.......     30%         3    ###....
 Conjure Flame            Conj/Fire      #.......     41%         3    ###....
 Mephitic Cloud           Conj/Pois/Air  #.......     41%         3    ###....
 Hailstorm                Conj/Ice       #.......     69%         4    #####..
 Summon Ice Beast         Ice/Summ       #.......     69%         4    #####..
 Silence                  Hex/Air        ###.......   69%         5    ######.
 Summon Lightning Spire   Summ/Air       #.......     83%         4    #####..
 Conjure Ball Lightning   Conj/Air       #.........   100%        6    #######
 Tornado                  Air            #.........   100%        9    #######


Dungeon Overview and Level Annotations

Branches:
Dungeon (10/15)            Temple (1/1) D:4            Lair (2/6) D:10
    Orc (0/2) D:10        Ossuary (visited)
  Swamp: Lair:2-4    Shoals: Lair:2-4     Snake: Lair:2-4    Spider: Lair:2-4

Altars:
Ashenzari
Cheibriados
Dithmenos
Elyvilon
Fedhas
Gozag
Hepliaklqana
Kikubaaqudgha
Makhleb
Nemelex Xobeh
Okawaru
Qazlal
Ru
Sif Muna
Trog
Uskayaw
Vehumet
Wu Jian
Xom
Yredelemnul
Zin
The Shining One

Shops:
D:4 *   D:5 [%*![   D:9 (

Annotations:
D:6 exclusion: downstairs
D:7 Joseph
D:8 exclusion: 2 doors, Gastronok
Lair:1 exclusion: 3 oklob plants
Lair:2 exclusion: 2 upstairs


Innate Abilities, Weirdness & Mutations

You cannot wear armour.
You are incapable of wielding weapons or throwing items.
Your paws allow you to move quietly. (Stealth)
You have sharp claws.
You have razor-sharp teeth.
You have supernaturally acute eyesight. (SInv)
You are carnivorous and can eat meat at any time.
You cover ground quickly.
You are covered in thick fur. (AC +2)
You have a slow metabolism.
Your sharp claws are effective at attacking unaware monsters.


Message History

Unknown command.
Unknown command.
Unknown command.
Unknown command.
Unknown command.
Unknown command.
Unknown command.
Unknown command.
Unknown command.
Unknown command.
Unknown command.
Unknown command.
You feel better.
The guardian serpent barely misses you. x2
Your surroundings seem slightly different.
Your divine protection fades away.
The guardian serpent coils itself and waves its upper body at you.
The bolt of poison hits you!!
You are poisoned.
Ouch! That really hurt!
You die...

# # # #### .. # ..###
#.# # ##..## #..#
###....## ...#
##......# ######...#
##......######..@ยง..#
...............S...##
...................#
...................#
...........#####...#
...........# #P....#
...........# ........#
........?.##
##.......# ..........#
.........


You could see a guardian serpent.

Vanquished Creatures
  A hydra (Lair:1)
  2 two-headed ogres
  Erica (D:8)
  Pikel (D:5)
  Maurice (D:8)
  A black mamba (Lair:2)
  2 spiny frogs
  A gargoyle (D:10)
  2 komodo dragons
  2 trolls
  Grinder (D:6)
  A queen bee (D:10)
  2 dream sheep (D:8)
  2 hippogriffs
  2 yaks (D:8)
  A basilisk (Lair:2)
  A hungry ghost (D:7)
  Edmund (D:6)
  A water moccasin (D:7)
  2 orc warriors (D:6)
  2 slaves (D:6)
  3 phantoms
  2 ice beasts
  A necrophage (D:7)
  3 sky beasts
  3 ogres
  3 wolves
  2 centaurs
  2 big kobolds (D:8)
  10 bullfrogs
  2 scorpions
  35 killer bees
  2 wights (D:5)
  4 electric eels (D:10)
  5 howler monkeys
  6 crimson imps
  7 hounds
  9 orc priests
  4 centaur skeletons
  8 orc wizards
  Crazy Yiuf (D:3)
  A bullfrog skeleton (D:10)
  2 iguanas
  8 worker ants
  A hound zombie (D:9)
  8 mummies (Ossuary)
  Robin (D:4)
  A howler monkey skeleton (D:7)
  2 worker ant zombies
  13 adders
  An ooze (D:5)
  An adder zombie (D:6)
  An adder skeleton (D:6)
  2 worms
  A dart slug (D:3)
  6 leopard geckos
  34 orcs
  5 giant cockroaches
  A gnoll zombie (Ossuary)
  17 goblins
  18 hobgoblins
  5 jackals
  4 quokkas
  A ball python (D:3)
  10 bats
  7 frilled lizards
  A hobgoblin zombie (Ossuary)
  8 kobolds
  3 kobold zombies (Ossuary)
  2 leopard gecko skeletons
  3 orc zombies (Ossuary)
  7 rats
317 creatures vanquished.

Vanquished Creatures (collateral kills)
  Eustachio (D:6)
  A wight (D:5)
  A hobgoblin (D:3)
3 creatures vanquished.

Vanquished Creatures (others)
  6 dancing weapons
  2 slaves (D:6)
  A plant (D:8)
9 creatures vanquished.

Grand Total: 329 creatures vanquished

Notes
Turn   | Place    | Note
-------+----------+-------------------------------------------
     0 | D:1      | demenzo the Felid Enchanter began the quest for the Orb.
     0 | D:1      | Reached XP level 1. HP: 7/7 MP: 4/4
   304 | D:1      | Reached XP level 2. HP: 11/11 MP: 4/6
   353 | D:1      | Learned a level 2 spell: Ensorcelled Hibernation
   412 | D:1      | Reached skill level 5 in Hexes
  1012 | D:1      | Reached XP level 3. HP: 14/14 MP: 4/7
  1307 | D:2      | Learned a level 3 spell: Confusing Touch
  1548 | D:2      | Found a burning altar of Makhleb.
  1549 | D:2      | Found a hazy altar of Hepliaklqana.
  1794 | D:2      | Found a blossoming altar of Fedhas.
  1796 | D:2      | Found a shimmering altar of Xom.
  1798 | D:2      | Found an opulent altar of Gozag.
  1798 | D:2      | Found a white marble altar of Elyvilon.
  1815 | D:2      | Reached skill level 1 in Ice Magic
  2464 | D:2      | Became a worshipper of Elyvilon the Healer
  2709 | D:2      | Reached XP level 4. HP: 15/18 MP: 4/8
  4050 | D:3      | Reached XP level 5. HP: 21/21 MP: 9/9
  4430 | D:3      | Found a runed translucent door.
  4431 | D:3      | Noticed Crazy Yiuf
  4448 | D:3      | Reached * piety under Elyvilon
  4703 | D:4      | Noticed Robin
  4819 | D:4      | Found a staircase to the Ecumenical Temple.
  4829 | D:4      | Reached skill level 1 in Fighting
  4833 | Temple   | Entered the Ecumenical Temple
  6079 | D:4      | Found Wif Gam's Lightly-Used Armoury.
  6252 | D:4      | Gained mutation: You are covered in thick fur. (AC +2)
                  | [Felid growth]
  6252 | D:4      | Reached XP level 6. HP: 25/25 MP: 5/10
  6344 | D:4      | Reached skill level 5 in Stealth
  6614 | D:4      | Learned a level 3 spell: Tukima's Dance
  6693 | D:4      | Reached ** piety under Elyvilon
  6967 | D:3      | Killed Crazy Yiuf
  7615 | D:4      | Killed Robin
  7680 | D:5      | Entered Level 5 of the Dungeon
  7696 | D:5      | Found Footiman's Distillery.
  7706 | D:5      | Bought a potion of haste for 110 gold pieces
  7706 | D:5      | Bought a potion of curing for 33 gold pieces
  7706 | D:5      | Bought a potion of degeneration for 11 gold pieces
  7860 | D:5      | Slain by a wight
  7861 | D:5      | Reached XP level 5. HP: -5/23 MP: 5/9
  7884 | D:5      | Reached XP level 6. HP: 27/27 MP: 4/10
  8113 | D:5      | Found Viretaj's Antique Armour Emporium.
  8163 | D:5      | Found Soggiliaco's General Store.
  8164 | D:5      | Reached skill level 6 in Stealth
  8265 | D:5      | Found Buakeitur's Food Boutique.
  8303 | D:5      | Bought a scroll of blinking for 75 gold pieces
  8338 | D:5      | Bought a potion of heal wounds for 55 gold pieces
  8463 | D:5      | Found Hyoxot's Antique Armour Emporium.
  8821 | D:4      | Reached XP level 7. HP: 22/31 MP: 6/11
  8912 | D:4      | Slain by a killer bee
  8913 | D:4      | Reached XP level 6. HP: 0/28 MP: 0/10
  8927 | D:4      | Reached skill level 5 in Unarmed Combat
  9432 | D:6      | Noticed an ice beast
  9435 | D:6      | Killed an ice beast
  9435 | D:6      | Reached skill level 7 in Stealth
  9435 | D:6      | Reached XP level 7. HP: 31/31 MP: 11/11
  9834 | D:6      | Noticed Pikel
 10076 | D:6      | Noticed Eustachio
 10104 | D:6      | Killed Eustachio
 10233 | D:5      | Killed Pikel
 10233 | D:5      | Reached skill level 5 in Fighting
 10233 | D:5      | Reached skill level 8 in Stealth
 10233 | D:5      | Reached XP level 8. HP: 30/37 MP: 9/12
 10311 | D:6      | Noticed Edmund
 10346 | D:6      | Killed Edmund
 10508 | D:6      | Reached *** piety under Elyvilon
 10622 | D:6      | Noticed Grinder
 10626 | D:6      | Killed Grinder
 10626 | D:6      | Reached skill level 9 in Stealth
 11396 | D:6      | Reached XP level 9. HP: 18/40 MP: 2/13
 11855 | D:7      | Noticed a deep elf mage
 12380 | D:7      | Noticed Joseph
 12815 | D:7      | Reached skill level 10 in Stealth
 12852 | D:7      | Noticed a two-headed ogre
 13209 | D:6      | Killed a two-headed ogre
 13615 | D:7      | Found a bloodstained altar of Trog.
 13793 | D:8      | Found a sand-covered staircase.
 13806 | Ossuary  | Entered an ossuary
 14281 | Ossuary  | Reached XP level 10. HP: 26/46 MP: 10/14
 14629 | D:8      | Reached skill level 10 in Unarmed Combat
 14644 | D:8      | Noticed Erica
 14906 | D:8      | Reached **** piety under Elyvilon
 15108 | D:8      | Reached skill level 11 in Stealth
 15521 | D:8      | Found an ornate altar of the Wu Jian Council.
 15521 | D:8      | Found a radiant altar of Vehumet.
 15529 | D:8      | Noticed Gastronok
 15758 | D:8      | Killed Erica
 16420 | D:8      | Noticed Maurice
 16452 | D:8      | Killed Maurice
 16807 | D:9      | Reached skill level 12 in Stealth
 16838 | D:9      | Learned a level 2 spell: Blink
 16888 | D:9      | Reached ***** piety under Elyvilon
 17138 | D:9      | Found Suewuergh's Antique Weapon Shop.
 17672 | D:8      | Reached skill level 1 in Translocations
 17691 | D:8      | Noticed a three-headed hydra
 18308 | D:10     | Entered Level 10 of the Dungeon
 18385 | D:10     | Reached XP level 11. HP: 51/51 MP: 7/15
 19240 | D:10     | Found a staircase to the Lair.
 19788 | D:10     | Noticed a two-headed ogre
 20041 | D:10     | Found a staircase to the Orcish Mines.
 20343 | D:10     | Killed a two-headed ogre
 22875 | Lair:1   | Entered Level 1 of the Lair of Beasts
 22875 | Lair:1   | Noticed an oklob plant
 23478 | Lair:1   | Noticed an oklob plant
 23522 | Lair:1   | Noticed a six-headed hydra
 23527 | Lair:1   | Killed a six-headed hydra
 23527 | Lair:1   | Reached skill level 5 in Translocations
 23909 | Lair:2   | Reached skill level 13 in Stealth
 23911 | Lair:2   | Killed from afar by a guardian serpent
 23912 | Lair:2   | Reached XP level 10. HP: -12/49 MP: 14/23
 23990 | Lair:1   | Noticed an oklob plant
 24027 | Lair:2   | Noticed a spiny frog
 24036 | Lair:2   | Killed a spiny frog
 24247 | Lair:2   | Elyvilon protects you from harm!
 24250 | Lair:2   | Elyvilon protects you from harm!
 24252 | Lair:2   | Killed from afar by a guardian serpent

Illustrated notes

Levels and vault maps discovered:
D:1:      roderic_octagonal_star, layout_basic
D:2:      layout_basic, gammafunk_temple_overflow_statue,
          grunt_temple_overflow_open, first_ration
D:3:      layout_loops_ring, minmay_fractal_squares_diagonal_5,
          uniq_crazy_yiuf_cottage
D:4:      layout_cave_pools, minmay_temple_entry_grid, minmay_shop_damaged,
          st_stairs_5, dk_rats_in_the_wall, uniq_robin
D:5:      layout_loops_ring, serial_shops, shop, nicolae_shop_waterfront,
          shop_coins, shop, shop
D:6:      layout_basic, uniq_eustachio, uniq_pikel, uniq_grinder, uniq_edmund
D:7:      layout_basic, lightli_temple_of_fire, minmay_small_thing, uniq_joseph
D:8:      layout_basic, gammafunk_temple_overflow_elements,
          lightli_ossuary_entry_decrepit_ruins, enter_bailey_2, hangedman_ranch
          [blue_anna_fruit_fields], kennysheep_generic_room_3, uniq_gastronok,
          uniq_erica, uniq_maurice
D:9:      layout_small_grid, serial_shops, nicolae_shop_trees
D:10:     layout_roguey [special_room_bee], erik_lair_island, orc_0_dummy
Temple:   dshaligram_water_room_temple
Lair:1:   dpeg_oklob_gauntlet, layout_regular_city, serial_bayou_pond_d,
          dpeg_stationary_puzzle
Lair:2:   layout_cave_pods, nicolae_swamp_entry_splash_gauntlet,
          minmay_snake_entry_spellcaster, gammafunk_ghost_cemetery

Skill      XL: |  1  2  3  4  5  6  7  8  9 10 11 |
---------------+----------------------------------+-----
Hexes          | 5 6 7 |  7.0
Ice Magic      | 1 2 |  2.0
Unarmed Combat | 4 5 7 8 9 11 12 | 12.6
Fighting       | 1 3 5 6 8 9 |  9.1
Stealth        | 7 8 9 10 12 13 | 13.1
Translocations | 1 5 |  5.0
Dodging        | |  2.6
Spellcasting   | |  2.3

Action                   |  1- 3 |  4- 6 |  7- 9 | 10-12 || total
-------------------------+-------+-------+-------+-------++-------
Melee: Unarmed           |   109 |   209 |   235 |   278 ||   831
       Bite              |     4 |    15 |    26 |    13 ||    58
       Punch             |     1 |     1 |    11 |    10 ||    23
 Cast: Corona            |     4 |     1 |       |       ||     5
       Ensorcelled Hiber |    27 |    75 |    51 |   126 ||   279
       Confusing Touch   |       |    16 |    21 |    28 ||    65
       Tukima's Dance    |       |     4 |    13 |     4 ||    21
Invok: Lesser Healing    |       |     2 |     2 |     1 ||     5
       Divine Protection |       |       |       |     1 ||     1
Evoke: Wand              |       |       |       |     3 ||     3
  Use: Scroll            |     5 |    14 |     2 |     8 ||    29
       Potion            |       |       |       |     1 ||     1
 Stab: Sleeping          |    22 |    59 |    29 |    76 ||   186
       Confused          |       |     8 |    17 |    13 ||    38
       Distracted        |       |       |     1 |     2 ||     3
  Eat: Chunk             |    13 |    23 |    22 |    34 ||    92
       Ration            |       |       |       |     1 ||     1
Armor: Skin              |     7 |    10 |    26 |    36 ||    79
Dodge: Dodged            |    98 |   166 |   142 |   241 ||   647
